← All builds
Suicide front / Armada / Factory first / OBSERVED BUILD

Standard suicide front

Armada Suicide front build order · Supreme Isthmus

The role's baseline: Bot Lab at 0:21 then straight into reclaim-fed T1 bot production to contest the middle and hold until T2 arrives, with an Advanced Metal Extractor around 9:45.

#rush · 2245 distinct matches · 261 players · 72% of Armada Suicide front games · team won 59% of 2635 · Recently observed

HOW TO PLAY IT

Key timing: Bot Lab by 0:20

  1. Open with mex and lab-first to get Bot Lab up by 0:20.
  2. Expand mex and wind while lab pumps units toward middle.
  3. Push Sentry and early Rocketeer, Centurion to contest middle.
  4. Get T2 constructor out once Pond's boost lets you spare metal.
  5. Upgrade mex to Advanced Metal Extractor as you transition off T1 spam.

Phase by phase

TYPICAL OF ITS 2245 GAMES
  1. 1
  2. 2
  3. 3
PLAY THE OPENING

Follow the example game's first 6:00 step by step: what to build now, what comes next, and where it goes. At 1× it keeps pace with your own game.

  1. 1

    Bot Lab first

    Order
    1. Bot LabBot Lab done ~0:26, middle half 0:20–0:33

    Some games also: mex (47%)

  2. 2

    Bot Lab to 5:00

    Economy
    • Metal Extractor5Mex
    • Wind Turbine4Wind
    Builders
    • Construction Bot3 Con bot
    • Lazarus2 Lazarus
    Army
    • Sentry4 Sentry
    • Rocketeer16 Rocketeer
    • Tick2 Tick
    • Centurion1 Centurion
    Other
    • Radar Tower1 Radar Tower

    Some games also: pawn (39%) · con turret (34%)

    By 5:00 in all: 5 mex · 4 wind

    The example game in this phase · 34 steps
    1. Wind
    2. TickTick ×2
    3. Wind
    4. Mex
    5. LazarusLazarus
    6. Construction BotCon bot
    7. LazarusLazarus
    8. CenturionCenturion
    9. Mex
    10. Construction BotCon bot
    11. Mex
    12. Construction BotCon bot
    13. SentrySentry
    14. Mex
    15. RocketeerRocketeer ×2
    16. SentrySentry
    17. RocketeerRocketeer
    18. Mex
    19. RocketeerRocketeer
    20. BeamerBeamer
    21. Mex
    22. BeamerBeamer
    23. RocketeerRocketeer
    24. Wind ×2
    25. OverwatchOverwatch
    26. MaceMace
    27. RocketeerRocketeer
    28. Wind
    29. RocketeerRocketeer ×2
    30. Wind
    31. BeamerBeamer
    32. RocketeerRocketeer
    33. Wind
    34. RocketeerRocketeer
  3. 3

    5:00 to 10:00

    Economy
    • Metal Extractor1Mex
    • Wind Turbine15Wind
    Builders
    • Construction Turret2 Con turret
    • Lazarus2 Lazarus
    • Construction Bot1 Con bot
    Army
    • Sentry1 Sentry
    • Rocketeer8 Rocketeer

    Some games also: pawn (48%) · Radar Tower (46%) · centurion (44%) · tick (43%) · energy storage (42%) · eat Bot Lab (31%)

    By 10:00 in all: 6 mex · 21 wind · 1 energy storage · 2 con turret

    The example game in this phase · 98 steps
    1. CenturionCenturion ×3
    2. Radar TowerRadar Tower
    3. Radar TowerRadar Tower
    4. GuardGuard
    5. Mex ×2
    6. CenturionCenturion
    7. Wind
    8. GuardGuard ×2
    9. Wind
    10. CenturionCenturion
    11. GuardGuard
    12. Wind
    13. GuardGuard ×2
    14. LazarusLazarus
    15. Wind
    16. LazarusLazarus
    17. Con turret
    18. Mex
    19. Advanced Metal ExtractorT2 mexdone 9:54 · typical 9:49
    20. Mex
    21. PawnPawn
    22. GuardGuard
    23. PawnPawn
    24. GuardGuard ×3
    25. PawnPawn
    26. GuardGuard
    27. Construction BotCon bot
    28. Dragon's TeethDragon's Teeth ×2
    29. Construction BotCon bot
    30. Dragon's TeethDragon's Teeth
    31. Energy storage
    32. Dragon's TeethDragon's Teeth ×3
    33. Wind
    34. Dragon's TeethDragon's Teeth ×3
    35. Advanced Metal ExtractorT2 mex
    36. Dragon's TeethDragon's Teeth
    37. Wind
    38. Dragon's TeethDragon's Teeth ×7
    39. Wind
    40. GuardGuard
    41. Wind
    42. ChainsawChainsaw
    43. Advanced Metal ExtractorT2 mex
    44. Wind ×2
    45. PawnPawn
    46. TickTick ×2
    47. Wind
    48. TickTick
    49. BlitzBlitz
    50. ThistleThistle
    51. TickTick ×2
    52. ThistleThistle
    53. Advanced Metal ExtractorT2 mex
    54. TickTick ×2
    55. ThistleThistle
    56. TickTick ×3
    57. CenturionCenturion
    58. TickTick ×2
    59. CenturionCenturion
    60. Dragon's TeethDragon's Teeth
    61. TickTick
    62. RattlesnakeRattlesnakenot finished by 15:00
    63. Dragon's TeethDragon's Teeth ×2
    64. TickTick
    65. Dragon's TeethDragon's Teeth ×2
    66. CenturionCenturion
    67. Con turret
    68. TickTick ×2
    69. CenturionCenturion
    70. RattlesnakeRattlesnake
    71. AggravatorAggravator
    72. Radar TowerRadar Tower
    73. Construction BotCon bot
    74. BeholderBeholder
    75. TickTick
    76. AggravatorAggravator
    77. TickTick
    78. CenturionCenturion
    79. BeholderBeholder
    80. TickTick ×2
    81. CenturionCenturion
    82. Con turret
    83. TickTick ×2
    84. MercuryMercurynot finished by 15:00
    85. Construction BotCon bot
    86. ProphetRadar vehicle
    87. Construction BotCon bot
    88. Wind
    89. Con turret
    90. Wind
    91. Construction BotCon bot
    92. Wind ×2
    93. Converter
    94. CenturionCenturion
    95. Wind ×2
    96. UmbraJammer
    97. Wind
    98. TickTick

Counts are medians over the build's games: half of them build more, half fewer. The example game is Ling_long's (40 OS, 15/10/2026); pick another.

Team trades

IN AT LEAST 30% OF ITS GAMES

You hand over

Nothing regular.

You get

  • Tidal Generator4 Tidal from Pondfirst at 0:11 · in 68% of games
  • Advanced Construction Bot1 T2 con bot from Geo or Techfirst at 7:45 · in 57% of games

How it plays out

Typical game of this build, running totals by minute

Metal produced

010k20k
0:005:0010:0015:00

metal

Enemy metal destroyed

05k10k
0:005:0010:0015:00

metal

Own metal lost

05k10k
0:005:0010:0015:00

metal

2635 games.

Show as table
ByMetal produced: This buildEnemy metal destroyed: This buildOwn metal lost: This build
1:0023000
2:0088700
3:002006193130
4:003105646502
5:0041861357990
6:00535222011677
7:00654530812547
8:00775239633443
9:00903447304337
10:001040053465119
11:001185058925901
12:001353664446633
13:001533969177393
14:001720375528179
15:001915081878947
WHAT THE NUMBERS SAY

Standard Suicide front play wins a bit over half its games while taking the heaviest own losses of any role by 15:00.

  • + Produces 20142 metal by 15:00, highest of the front roles.
  • + First kill by 2:01 in all games, fastest contest of middle.
  • − Own metal lost hits 9178 by 15:00, more than enemy metal destroyed.
  • − Only 34% Rocketeer share shows army spread thin across many bot types.
THE EXAMPLE YOU ARE READING

Ling_long

39.6 OS · 15/10/2026

Open source match ↗

10 received units · includes a constructor
69 metal received · 48109 energy received

Allied construction assistance is unknown. Timings are observations, not a promise of solo reproducibility.

Typical milestones

Bot Lab0:26Middle 50%: 0:20–0:33 · n=2626
Advanced Metal Extractor9:49Middle 50%: 8:52–11:00 · n=1888

Played most by

_X_265games of this buildPlatinumBlonde188games of this buildXad165games of this buildTrapCaT112games of this buildSoliloqueur81games of this build